 Dungeon Crawl Stone Soup version 0.18.1-48-g4cf74bf (webtiles) character file.

477 Alarkh the Shooter (level 6, -1/44 HPs)
             Began as a Mummy Hunter on Sept 3, 2016.
             Slain by a phantom (8 damage)
             ... on level 4 of the Dungeon.
             The game lasted 00:05:55 (4678 turns).

Alarkh the Shooter (Mummy Hunter)                   Turns: 4678, Time: 00:05:55

Health: -1/44      AC:  3    Str: 15    XL:     6   Next: 85%
Magic:  6/6        EV: 11    Int: 13    God:
Gold:   100        SH:  0    Dex: 12    Spells: 0 memorised, 5 levels left

rFire  x . .     SeeInvis .     b - +6 spear (venom)
rCold  + . .     Gourm    .     c - +0 leather armour
rNeg   + + +     Faith    .     (no shield)
rPois  ∞         Spirit   .     (no helmet)
rElec  .         Dismiss  .     (no cloak)
rCorr  .         Reflect  .     (no gloves)
SustAt .         Harm     .     (no boots)
MR     .....                    (no amulet)
Stlth  +.........               (no ring)
                                m - ring of flight

@: not resistant to hostile enchantments, very unstealthy
A: no food or potions, fire vulnerability, cold resistance 1, negative energy
resistance 3, torment resistance, unbreathing
a: Evoke Flight


You were on level 4 of the Dungeon.
You were not hungry.

You visited 1 branch of the dungeon, and saw 4 of its levels.

You collected 100 gold pieces.

Inventory:

Hand Weapons
 a - a +1 shortbow
 b - a +6 spear of venom (weapon)
 i - a +0 short sword
 w - a +1 dagger of electrocution
Missiles
 d - 32 arrows
Armour
 c - a +0 leather armour (worn)
Jewellery
 m - a ring of flight (left hand)
Wands
 n - a wand of random effects (17/48)
Scrolls
 e - a scroll of identify
 f - a scroll of blinking
 g - a scroll of enchant weapon {unknown}
 h - a scroll of immolation {unknown}
 j - a scroll of magic mapping {unknown}
 k - a scroll of amnesia
 l - a scroll of teleportation {unknown}
 o - a scroll of fog {unknown}


   Skills:
 - Level 2.0 Fighting
 + Level 6.9 Bows
 - Level 1.5 Dodging
 - Level 0.7 Stealth


You had 5 spell levels left.
You didn't know any spells.

Dungeon Overview and Level Annotations

Branches:
Dungeon (4/15)
 Temple: D:4-7

Altars:
Dithmenos
Fedhas
Sif Muna

Annotations:
D:4 glosham's ghost, novice VSAK


Innate Abilities, Weirdness & Mutations

You do not eat or drink.
Your flesh is vulnerable to fire.
You are immune to poison.
Your flesh is cold resistant.
You are immune to negative energy.
You are immune to unholy pain and torment.
You can survive without breathing.


Message History

The orc priest looks even sicker.
The orc priest is moderately wounded.
The orc priest closely misses you. The phantom hits you!
The phantom blinks!
You closely miss the orc priest.
The orc priest is moderately wounded.
The scorpion stings you. The orc priest barely misses you.
You hit the orc priest.
The orc priest is severely wounded.
You kill the orc priest!
The scorpion barely misses you. The phantom hits you.
The phantom blinks!
You hit the scorpion.
The scorpion is poisoned.
The scorpion is moderately wounded.
The scorpion stings you.
* * * LOW HITPOINT WARNING * * *
The scorpion barely misses you. The phantom hits you!
* * * LOW HITPOINT WARNING * * *
You kill the scorpion!
The phantom hits you!
You die...

#.# #.##.# #.# #.##.# #.#
#.##.# #.# #.##.# #.# #.##<#
#.. ..##.# #. #.# #.
#################.#
#####.####.@)...............
..>.......W.##############.#
####.....%..........######.#
......).#..................#
####..#......######.########
............# #.#
#.....#......# #†#
.######.#.#..# ###.#
.......# #.W.#


You could see a phantom.

Vanquished Creatures
  A scorpion (D:4)
  2 hounds (D:4)
  An orc wizard (D:4)
  A centaur skeleton (D:4)
  2 orc priests (D:4)
  An iguana (D:4)
  A worker ant (D:4)
  A hound skeleton (D:4)
  Robin (D:3)
  6 adders
  2 oozes (D:2)
  5 worms
  2 dart slugs (D:2)
  A giant gecko (D:2)
  5 orcs
  4 giant cockroaches
  14 goblins
  15 hobgoblins
  6 jackals
  2 ball pythons
  8 bats
  A giant gecko skeleton (D:4)
  6 giant newts
  8 kobolds
  7 rats
103 creatures vanquished.

Notes
Turn   | Place    | Note
--------------------------------------------------------------
     0 | D:1      | Alarkh the Mummy Hunter began the quest for the Orb.
     0 | D:1      | Reached XP level 1. HP: 16/16 MP: 1/1
   169 | D:1      | Reached XP level 2. HP: 22/22 MP: 2/2
   455 | D:2      | Reached skill level 4 in Bows
   455 | D:2      | Reached XP level 3. HP: 12/27 MP: 3/3
  1173 | D:2      | Reached XP level 4. HP: 29/33 MP: 4/4
  1599 | D:3      | Found a deep blue altar of Sif Muna.
  1683 | D:3      | Reached skill level 5 in Bows
  2454 | D:3      | Reached XP level 5. HP: 34/38 MP: 5/5
  2482 | D:3      | Found a shadowy altar of Dithmenos.
  2730 | D:4      | Noticed Robin
  2761 | D:3      | Found a blossoming altar of Fedhas.
  3516 | D:3      | Killed Robin
  3593 | D:4      | Reached skill level 6 in Bows
  3803 | D:4      | Reached XP level 6. HP: 44/44 MP: 6/6
  3937 | D:4      | Noticed glosham's ghost (novice VSAK)
  4678 | D:4      | Slain by a phantom

Skill      XL: |  1  2  3  4  5 |
---------------+----------------+-----
Bows           | 4 5 6 |  6.9
Fighting       | |  2.0
Dodging        | |  1.5
Stealth        | |  0.7

Action                   |  1- 3 |  4- 6 || total
-------------------------+-------+-------++-------
Melee: Dagger            |    96 |   184 ||   280
       Spear             |       |    57 ||    57
 Fire: Shortbow          |    40 |    14 ||    54
  Use: Scroll            |     1 |     5 ||     6
 Stab: Sleeping          |       |     4 ||     4
Armor: Leather armour    |    32 |    64 ||    96
Dodge: Dodged            |    85 |   130 ||   215
